Map: Submarine LE

Players

INnoVation - Winner!

  • Race: Terran Terran
  • League: Grandmaster
  • Spawn Location: 5:00

Bunny

  • Race: Terran Terran
  • League: Gold
  • Spawn Location: 11:00

Event: War Chest Team League

VOD

Have the link to the VOD?

Description

Time

  • Played on: Aug. 14, 2020, 7:10 a.m.
  • Length: 10:24
Show
View Real Time Build Order
Export as new Build Order

INnoVation Terran - Winner!

Build Orders:  

Get SALT Encoding   

  12  0:00  SCV  
  13  0:12  SCV  
  14  0:16  Supply Depot  
  14  0:24  SCV  
  15  0:38  SCV  
  15  0:41  Barracks  
  16  0:43  Refinery  
  16  0:50  SCV  
  16  0:52  Refinery  
  17  1:02  SCV  
  18  1:14  SCV  
  19  1:27  Orbital Command  
  19  1:28  Reaper  
  19  1:30  Supply Depot  
  20  1:41  Factory  
  20  1:53  SCV  
  21  2:00  Reaper  
  22  2:05  SCV  
  23  2:15  Command Center  
  23  2:18  SCV  
  24  2:30  SCV  
  24  2:35  Starport  
  24  2:36  Barracks Reactor  
  25  2:38  Supply Depot  
  25  2:42  SCV  
  26  2:44  Factory Tech Lab  
  26  2:54  SCV  
  27  3:03  Siege Tank  
  30  3:06  SCV  
  30  3:12  Refinery, Marine x2  
  31  3:19  SCV  
  34  3:21  Medivac  
  34  3:27  Orbital Command  
  36  3:30  Marine x2  
  36  3:32  SCV  
  39  3:42  Siege Tank  
  39  3:45  SCV  
  39  3:48  Marine x2  
  43  3:53  Starport Tech Lab  
  43  3:54  SCV  
  46  3:57  SCV  
  46  3:59  Supply Depot  
  47  4:06  Marine x2  
  47  4:09  SCV x2  
  51  4:15  Raven  
  53  4:22  SCV x2  
  53  4:23  Supply Depot  
  55  4:24  Siege Tank  
  55  4:27  Marine x2  
  60  4:34  SCV x2  
  62  4:38  Supply Depot  
  62  4:45  Marine x2  
  62  4:47  SCV x2, Supply Depot  
  66  4:57  Siege Tank  
  69  5:00  SCV x2  
  69  5:02  Supply Depot  
  69  5:04  Raven  
  69  5:05  Marine x2  
  75  5:13  SCV  
  75  5:14  SCV  
  77  5:21  Command Center  
  68  5:27  SCV x2  
  68  5:28  Marine  
  70  5:29  Refinery, Marine  
  70  5:34  Siege Tank  
  75  5:40  SCV x2  
  76  5:52  SCV x2  
  77  6:02  Marine  
  77  6:03  Viking x2  
  76  6:05  SCV  
  76  6:06  SCV  
  76  6:09  Stimpack, Siege Tank  
  81  6:16  Barracks  
  81  6:18  SCV x2  
  80  6:21  Marine  
  81  6:25  Barracks  
  81  6:30  SCV x2  
  83  6:33  Viking x2, Engineering Bay  
  83  6:35  Engineering Bay  
  87  6:41  Siege Tank  
  87  6:46  SCV x2  
  92  6:49  Supply Depot, Orbital Command  
  92  7:03  Viking x2  
  95  7:11  SCV x2  
  91  7:15  Siege Tank  
  91  7:21  Terran Infantry Weapons Level 1, Terran Infantry Armor Level 1  
  87  7:23  Barracks x2  
  87  7:27  Barracks Reactor  
  87  7:28  SCV x3  
  90  7:35  Barracks Reactor, Refinery x2  
  90  7:40  SCV x3  
  90  7:41  Marine  
  94  7:48  Supply Depot  
  94  7:49  Combat Shield  
  94  7:52  Siege Tank  
  94  7:53  SCV  
  94  7:54  SCV x2  
  99  8:00  Marine  
  100  8:07  SCV x3  
  100  8:09  Barracks Reactor  
  100  8:10  Barracks Reactor  
  103  8:13  Marine x3  
  103  8:14  Marine  
  103  8:17  Medivac x2  
  103  8:18  Marine  
  103  8:19  SCV x3  
  115  8:21  Supply Depot  
  115  8:27  Siege Tank  
  115  8:30  Supply Depot  
  118  8:35  Armory  
  118  8:37  Marine x4  
  118  8:38  Marine  
  123  8:55  Medivac  
  123  8:56  Medivac  
  123  8:57  Marine x2  
  123  8:58  Marine x7  
  123  9:01  Siege Tank  
  139  9:07  Supply Depot  
  139  9:08  Supply Depot  
  139  9:10  Sensor Tower  
  139  9:15  Marine x2  
  141  9:29  Marine x7  
  148  9:33  Marine x2  
  148  9:37  Siege Tank  
  153  9:39  Medivac x2  
  153  9:43  Supply Depot x2  
  157  9:57  Marine  
  157  10:01  Marine  
  157  10:04  Marine x5  
Show
View Real Time Build Order
Export as new Build Order

Bunny Terran 

Build Orders: Reaper Expand 

Get SALT Encoding   

  12  0:00  SCV  
  13  0:12  SCV  
  14  0:17  Supply Depot  
  14  0:24  SCV  
  15  0:39  SCV  
  15  0:40  Barracks  
  16  0:43  Refinery  
  16  0:51  SCV  
  17  1:03  SCV  
  18  1:15  SCV  
  19  1:27  Reaper, Orbital Command  
  20  1:41  Command Center  
  20  1:50  Supply Depot  
  20  1:53  SCV  
  21  1:59  Marine  
  22  2:05  SCV  
  23  2:10  Factory  
  23  2:14  Refinery  
  23  2:17  SCV  
  24  2:23  Bunker  
  24  2:26  Barracks Reactor  
  25  2:30  SCV  
  25  2:42  SCV  
  26  2:53  Orbital Command  
  26  2:54  SCV, Factory Tech Lab  
  26  2:57  Starport  
  27  3:02  Marine x2  
  29  3:06  SCV  
  30  3:17  Siege Tank  
  33  3:20  SCV, Marine x2  
  33  3:24  SCV  
  37  3:32  Refinery  
  37  3:35  SCV, Medivac  
  37  3:38  Marine x2  
  42  3:43  SCV, Supply Depot  
  42  3:47  SCV  
  44  3:56  Marine x2  
  46  4:05  SCV x2, Siege Tank  
  51  4:14  Marine  
  54  4:17  SCV  
  54  4:18  Marine  
  54  4:27  Supply Depot x3  
  54  4:29  Viking  
  54  4:30  SCV x2  
  58  4:33  Supply Depot  
  58  4:38  Siege Tank  
  61  4:42  SCV  
  62  4:47  Refinery  
  62  4:48  SCV  
  62  4:50  Barracks Reactor  
  63  4:54  SCV  
  63  4:59  Viking  
  66  5:00  SCV  
  66  5:02  Supply Depot  
  66  5:06  SCV  
  68  5:13  SCV, Siege Tank  
  72  5:18  SCV  
  70  5:25  SCV  
  71  5:28  Supply Depot  
  71  5:30  SCV  
  71  5:35  Command Center  
  72  5:37  Barracks Tech Lab  
  72  5:39  Viking  
  72  5:40  Viking  
  76  5:43  SCV  
  76  5:45  SCV, Siege Tank  
  80  6:02  SCV x2  
  80  6:04  Marine  
  75  6:09  Viking, Liberator  
  81  6:13  Barracks  
  81  6:14  SCV x2, Barracks  
  82  6:22  Marine  
  82  6:23  Siege Tank  
  83  6:28  SCV  
  83  6:29  SCV  
  83  6:31  Stimpack  
  85  6:35  Engineering Bay x2  
  85  6:40  Viking  
  85  6:41  SCV x2, Supply Depot  
  85  6:46  Marine  
  90  6:49  Orbital Command  
  90  6:55  Viking, Siege Tank  
  95  7:06  Barracks Reactor  
  95  7:07  Marine  
  77  7:17  Viking  
  77  7:21  SCV x2  
  77  7:22  SCV  
  76  7:24  Refinery x2  
  76  7:25  Viking  
  76  7:26  Marine  
  76  7:28  Barracks Reactor, Siege Tank  
  79  7:30  Terran Infantry Weapons Level 1  
  79  7:33  SCV x2  
  79  7:34  SCV  
  82  7:38  Barracks  
  82  7:41  Barracks  
  82  7:44  Marine  
  82  7:45  Marine x2  
  82  7:48  Medivac  
  82  7:51  Supply Depot x2  
  87  7:54  SCV x2  
  87  7:55  SCV, Medivac  
  92  8:00  Siege Tank  
  92  8:02  Marine  
  92  8:03  Marine x2  
  98  8:07  SCV x2  
  98  8:08  SCV  
  98  8:11  Marine x2  
  103  8:13  Combat Shield  
  103  8:19  Medivac  
  105  8:20  Marine  
  105  8:21  Marine  
  105  8:22  Armory, Supply Depot  
  105  8:23  Supply Depot  
  107  8:29  Barracks Reactor x2  
  107  8:30  Marine, Sensor Tower  
  107  8:31  Marine x2  
  110  8:36  Siege Tank  
  110  8:37  Marine  
  110  8:40  SCV  
  110  8:41  SCV x2  
  114  8:43  Marine  
  114  8:48  Marine x3  
  115  8:50  Medivac x2  
  115  8:55  Marine  
  119  9:01  Marine  
  121  9:06  Marine x3  
  121  9:08  Siege Tank  
  127  9:13  Marine  
  127  9:15  Marine  
  127  9:16  Marine x3  
  131  9:19  Marine  
  131  9:24  Marine x2  
  131  9:25  Marine  
  131  9:28  Orbital Command  
  131  9:31  Marine  
  132  9:33  Marine  
  132  9:38  Marine x3  
  133  9:40  Siege Tank  
  139  9:46  Medivac  
  139  9:47  Medivac  
  139  9:49  Marine x2  
  139  9:51  Marine  
  140  10:01  Marine x2  
Tags
 
Add a new tag
Caveats
  • Supply blocks, unpowered buildings, or Contaminate may cause inaccurate times.
  • Supply counts are checked every 10 seconds.